 Dungeon Crawl Stone Soup version 0.28.0-53-g5a82cb258f (webtiles) character file.

Game seed: 6292074638723840026

952 DildoBatman the Magician (level 8, 0/57 HPs)
             Began as a Formicid Conjurer on June 26, 2022.
             Was a Follower of Kikubaaqudgha.
             Killed by divine providence
             ... invoked by an orc priest
              (11 damage)
             ... on level 5 of the Dungeon.
             The game lasted 00:12:54 (4196 turns).

DildoBatman the Magician (Formicid Conjurer)        Turns: 4196, Time: 00:12:55

Health: 0/57       AC:  6    Str: 12    XL:     8   Next: 36%
Magic:  17/17      EV: 11    Int: 18    God:    Kikubaaqudgha [*.....]
Gold:   238        SH:  0    Dex: 11    Spells: 13/19 levels left

rFire   + . .      SeeInvis +   a - +1 hunting sling (freeze)
rCold   . . .      Faith    .   (no shield)
rNeg    . . .      Spirit   .   B - +2 leather armour {rC+}
rPois   .          Reflect  .   (helmet unavailable)
rElec   .          Harm     .   (no cloak)
rCorr   .          Rampage  .   (no gloves)
Will    .....                   g - +0 pair of boots
Stlth   ++........              (no amulet)
HPRegen 0.19/turn               k - ring of fire
MPRegen 0.15/turn               (no ring)

@: no status effects
A: permanent stasis, dig shafts and tunnels, antennae 3, four strong arms
a: Dig, Shaft Self, Renounce Religion, Receive Corpses


You were on level 5 of the Dungeon.
You worshipped Kikubaaqudgha.
Kikubaaqudgha was aware of your devotion.
You visited 2 branches of the dungeon, and saw 6 of its levels.

You collected 238 gold pieces.

Inventory:

Hand Weapons
 a - a +1 hunting sling of freezing (weapon)
 b - a +2 flail of protection
 d - a +2 hand axe of flaming
Missiles
 e - 141 stones (quivered ammo)
 f - 55 bolts
 i - 27 sling bullets
 n - 43 arrows
 r - 4 poisoned darts
 w - a throwing net
Armour
 g - a +0 pair of boots (worn)
 B - a +2 leather armour of cold resistance (worn)
 D - the +4 scale mail of the Ladybird {+Blink Will- Str+2 Dex+10}
   (You found it on level 5 of the Dungeon)

   Str:       It affects your strength (+2).
   Dex:       It affects your dexterity (+10).
   +Blink:    It lets you blink.
   Will:      It decreases your willpower.
Magical Staves
 p - a staff of fire
 C - a staff of death
Jewellery
 k - a ring of fire (left hand)
Scrolls
 c - 2 scrolls of teleportation {unknown}
 l - a scroll of fog {unknown}
 s - a scroll of enchant weapon {unknown}
 t - a scroll of fear {unknown}
 u - a scroll of blinking {unknown}
 v - a scroll of immolation {unknown}
 y - a scroll of magic mapping {unknown}
 z - 4 scrolls of identify
 A - a scroll of holy word {unknown}
 E - a scroll of brand weapon {unknown}
Potions
 h - a potion of degeneration {unknown}
 j - a potion of lignification {unknown}
 m - 3 potions of curing
 o - a potion of invisibility {unknown}
 q - a potion of brilliance {unknown}
 x - a potion of attraction {unknown}


   Skills:
 * Level 2.9 Fighting
 * Level 2.8 Armour
 - Level 1.7 Dodging
 - Level 2.4 Stealth
 * Level 6.2 Spellcasting
 - Level 6.0 Conjurations
 * Level 1.6 Necromancy


You had 13 spell levels left.
You knew the following spells:

 Your Spells              Type           Power      Damage    Failure   Level
a - Searing Ray           Conj           54%        2d6       1%          2
c - Magic Dart            Conj           100%       1d8       1%          1
d - Vampiric Draining     Necr           11%        2d6       22%         3

Your spell library contained the following spells:

 Spells                   Type           Power      Damage    Failure   Level
 Animate Skeleton         Necr           22%        N/A       8%          1
 Pain                     Necr           44%        1d6       8%          1
 Dazzling Flash           Conj/Hex       32%        N/A       13%         3
 Fulminant Prism          Conj/Hex       8%         3d7       41%         4
 Iskenderun's Mystic Bla  Conj/Tloc      16%        2d5       41%         4
 Agony                    Necr           11%        N/A       91%         5


Dungeon Overview and Level Annotations

Branches:
Dungeon (5/15)             Temple (1/1) D:4

Altars:
Ashenzari
Dithmenos
Elyvilon
Fedhas
Gozag
Hepliaklqana
Kikubaaqudgha
Nemelex Xobeh
Okawaru
Ru
Sif Muna
Trog
Uskayaw
Vehumet
Wu Jian
Xom
Yredelemnul
Zin
The Shining One


Innate Abilities, Weirdness & Mutations

You cannot be hasted, slowed, berserked, paralysed or teleported.
You can dig through walls and to a lower floor.
You have a pair of large antennae on your head. (SInv)
Your four strong arms can wield two-handed weapons with a shield.


Message History

You shoot a stone. The stone barely misses the jackal.
The stone closely misses the jackal.
The stone barely misses the jackal.
The jackal bites you.
You shoot a stone. The stone closely misses the jackal.
The orc shouts!
The stone hits the jackal but does no damage.
The jackal bites you.
The jackal bites you but does no damage.
You shoot a stone. The orc priest shouts!
The stone hits the jackal.
The stone freezes the jackal.
The jackal is almost dead.
The jackal bites you but does no damage.
You shoot a stone. The stone hits the jackal.
The stone freezes the jackal.
You kill the jackal!
Kikubaaqudgha accepts your kill.
You shoot a stone. The stone hits the jackal.
The stone freezes the jackal.
You kill the jackal!
Kikubaaqudgha accepts your kill.
The orc priest invokes the aid of Beogh against you.
Beogh smites you! The jackal closely misses you.
You shoot a stone. The stone barely misses the jackal.
The stone barely misses the orc.
The stone hits the orc priest!
The stone freezes the orc priest.
The orc priest is heavily wounded.
The orc priest invokes the aid of Beogh against you.
Beogh smites you!
You die...
Kikubaaqudgha rasps: "You have failed me!
Welcome... death!"

############
#......†<..#
#####.########.#
#..........# #.#
#.###.####.# #.#
#.# #.# #.# #.#
#.# #.# #.# #.#
#.# ##.####.###@#
####.{......##h#
o..oo.{{....##(#
..o.#.####..##o#
# #.####..##.#
#......(.(o#
######o{####
#...{#
#........{......<


You could see an orc priest, an orc and a jackal.

Vanquished Creatures
  Eustachio (D:4)
  A black bear (D:5)
  An orc warrior (D:4)
  A bullfrog (D:4)
  A scorpion (D:5)
  2 orc priests (D:4)
  A gnoll shaman (D:4)
  A hound (D:4)
  A bullfrog skeleton (D:4)
  A centaur skeleton (D:4)
  An iguana (D:4)
  5 orc wizards
  A killer bee zombie (D:5)
  3 gnolls (D:4)
  An adder (D:2)
  A shadow imp (D:5)
  2 worms (D:2)
  4 dart slugs
  11 orcs
  11 endoplasms
  3 giant cockroaches
  7 goblins
  9 hobgoblins
  10 jackals
  5 quokkas
  10 ball pythons
  5 bats
  5 frilled lizards
  4 kobolds
  A quokka skeleton (D:4)
  7 rats
117 creatures vanquished.

Vanquished Creatures (others)
  10 plants (D:1)
10 creatures vanquished.

Grand Total: 127 creatures vanquished

Notes
Turn   | Place    | Note
-------+----------+-------------------------------------------
     0 | D:1      | DildoBatman the Formicid Conjurer began the quest for the
                  | Orb.
     0 | D:1      | Reached XP level 1. HP: 13/13 MP: 3/3
   201 | D:1      | Reached XP level 2. HP: 19/19 MP: 0/5
   204 | D:1      | Learned a level 2 spell: Searing Ray
   539 | D:1      | Reached XP level 3. HP: 25/25 MP: 4/6
   612 | D:1      | Reached skill level 1 in Fighting
   767 | D:1      | Found a faded altar of an unknown god.
   849 | D:2      | Reached skill level 1 in Armour
  1161 | D:2      | Reached XP level 4. HP: 21/32 MP: 4/7
  1910 | D:3      | Found a sacrificial altar of Ru.
  2246 | D:3      | Reached XP level 5. HP: 38/38 MP: 9/9
  2267 | D:4      | Noticed Eustachio
  2416 | D:4      | Found a staircase to the Ecumenical Temple.
  2448 | Temple   | Entered the Ecumenical Temple
  2571 | Temple   | Became a worshipper of Kikubaaqudgha
  3014 | D:4      | Killed Eustachio
  3015 | D:4      | Reached skill level 5 in Conjurations
  3015 | D:4      | Reached XP level 6. HP: 40/44 MP: 5/12
  3173 | D:4      | Reached XP level 7. HP: 50/50 MP: 10/13
  3405 | D:4      | Reached skill level 5 in Spellcasting
  3552 | D:4      | Reached * piety under Kikubaaqudgha
  3552 | D:4      | Received a gift from Kikubaaqudgha
  3559 | D:4      | Learned a level 3 spell: Vampiric Draining
  3691 | D:4      | Reached XP level 8. HP: 55/55 MP: 16/16
  4022 | D:5      | Entered Level 5 of the Dungeon
  4032 | D:5      | Reached skill level 1 in Necromancy
  4041 | D:5      | Identified the +4 scale mail of the Ladybird {+Blink Will-
                  | Str+2 Dex+10}
  4196 | D:5      | Killed from afar by an orc priest

Illustrated notes

Levels and vault maps discovered:
D:1:      dpeg_arrival_chambers_temple_mockup, layout_rooms,
          shapermc_ecumenical_altar_mp_highgroup, st_stairs_14,
          serial_bayou_lake_a
D:2:      layout_rooms, minmay_tetromino_o2
D:3:      layout_basic, mainiacjoe_overflow_tiny_flanked
D:4:      layout_layer_cave, minmay_temple_entry_drinking_statues,
          guppyfry_early_orc_mine, uniq_eustachio
D:5:      layout_loops_ring, kennysheep_generic_room_16, uniq_pikel
Temple:   mainiacjoe_temple_coin_purse

Skill      XL: |  1  2  3  4  5  6  7  8 |
---------------+-------------------------+-----
Conjurations   | 4 5 6 |  6.0
Fighting       | 1 2 |  2.9
Armour         | 1 2 |  2.8
Spellcasting   | 4 5 6 |  6.2
Necromancy     | 1 |  1.6
Dodging        | |  1.7
Stealth        | |  2.4

Action                   |  1- 3 |  4- 6 |  7- 9 || total
-------------------------+-------+-------+-------++-------
Melee: Unarmed           |     1 |       |       ||     1
       Staff             |    19 |     6 |       ||    25
       Flail             |       |       |    19 ||    19
       Punch             |       |       |     1 ||     1
 Fire: Hunting sling     |       |    55 |    86 ||   141
 Cast: Magic Dart        |    45 |    29 |     2 ||    76
       Searing Ray       |     4 |    12 |    16 ||    32
 Abil: Dig               |       |     3 |     1 ||     4
  Use: Scroll            |       |       |     1 ||     1
Armor: Robe              |     7 |    39 |     1 ||    47
       Leather armour    |       |       |    26 ||    26
Dodge: Dodged            |    22 |   115 |    30 ||   167
